Cogmind - Beta 13 @@@ ROGUE MODE // 2024.04.13 @ 22:35:21 Player: TheLargestBoi Result: Self-destructed Performance ------------- Evolutions (1) 500 Regions Visited (3) 600 Robots Destroyed (27) 135 Value Destroyed (379) 379 Prototype IDs (3) 60 Alien Tech Used (0) 0 Bonus (0) 0 TOTAL SCORE: 1674 Bonus ------- None Cogmind --------- Core Integrity 346/400 Matter 295/300 Energy 100/100 System Corruption 0% Temperature Cool (0) Movement Hovering (116) Ox1 Location -9/Mines Parts ------- > --- POWER (1) -------- (None) > --- PROPULSION (4) --- Hover Unit Hover Unit > --- UTILITY (2) ------ Medium Storage Unit Hacking Suite > --- WEAPON (2) ------- Beam Cannon > --- INVENTORY (10) --- Ion Engine Heat Sink Large Battery (200) Weight Redist. System Visual Processing Unit Signal Interpreter Targeting Computer ECM Suite Peak State ------------ > --- POWER ------------ Light Ion Engine > --- PROPULSION ------- Hover Unit Hover Unit Hover Unit Hover Unit > --- UTILITY ---------- Medium Storage Unit Hacking Suite > --- WEAPON ----------- Beam Cannon Improved Assault Rifle > --- INVENTORY -------- Ion Engine Hover Unit Heat Sink Large Battery Weight Redist. System Visual Processing Unit Signal Interpreter Targeting Computer ECM Suite Grenade Launcher [Rating: 14] Favorites ----------- Power Ion Engine Engine Ion Engine Propulsion Aluminum Leg Leg Aluminum Leg Hover Unit Hover Unit Utility Medium Storage Unit Device Heat Sink Storage Medium Storage Unit Hackware Hacking Suite Weapon Beam Cannon Energy Gun Medium Laser Energy Cannon Beam Cannon Ballistic Gun Improved Assault Rifle Launcher Grenade Launcher Build | -11 -10 -9 -9 ------- Run | Yrd Mat Mat Min Slots Evolved 2 | . . 2 . Power . | . . . . Propulsion 2 | . . 2 . Utility . | . . . . Weapon . | . . . . Parts Attached 29 | 7 14 5 3 Power 3 | 1 2 . . Engine 3 | 1 2 . . Core . | . . . . Reactor . | . . . . Propulsion 12 | 2 5 4 1 Treads . | . . . . Leg 7 | 2 5 . . Wheel . | . . . . Hover 5 | . . 4 1 Flight . | . . . . Utility 7 | 2 4 1 . Device 4 | 1 3 . . Storage 2 | 1 1 . . Processor . | . . . . Hackware 1 | . . 1 . Protection . | . . . . Artifact . | . . . . Weapon 7 | 2 3 . 2 Energy Gun 3 | 2 1 . . Energy Cannon 2 | . 2 . . Ballistic Gun 1 | . . . 1 Ballistic Cannon . | . . . . Launcher 1 | . . . 1 Special Weapon . | . . . . Impact Weapon . | . . . . Slashing Weapon . | . . . . Piercing Weapon . | . . . . Special Melee Weapon . | . . . . Unidentified Prototypes 1 | . . . 1 Parts Lost 5 | . . . 5 Power 1 | . . . 1 Propulsion 3 | . . . 3 Utility . | . . . . Weapon 1 | . . . 1 Highest Loss Streak 5 | . . . 5 To Critical Strikes . | . . . . Average Slot Usage (%) 99 | . 99 98 100 Engine 13 | . 14 11 11 Leg 24 | . 27 . . Hover 5 | . . 42 44 Device 12 | . 13 3 . Storage 13 | . 14 11 11 Hackware 1 | . . 7 11 Energy Gun 10 | . 11 . . Energy Cannon 16 | . 15 22 15 Naked Turns . | . . . . Heaviest Build 22 | 14 22 20 19 Greatest Support 24 | 20 20 24 24 Greatest Overweight (x) 1 | . 1 . 1 Average Overweight (x) . | . . . . Largest Inventory Capacity 10 | 8 10 10 10 Average Capacity 9 | 7 9 10 10 Most Carried 10 | 3 10 10 10 Average Carried 7 | 1 8 8 9 Final Capacity 10 | 8 10 10 10 Final Carried 10 | 3 10 10 8 Class Distribution -------------------- 89% | Mutant 10% | Scavenger-Mutant Dominant Class ---------------- Mutant | -10/Materials Scavenger-Mutant | -9/Materials Scavenger-Mutant | -9/Mines Resources | -11 -10 -9 -9 ----------- Run | Yrd Mat Mat Min Matter Collected 504 | 265 189 50 . Remotely . | . . . . Salvage Created 756 | 10 608 138 . Parts 54 | 3 45 6 . Haulers Intercepted 3 | . 2 1 . Recyclers Shooed 2 | . 1 1 . Parts Field Recycled . | . . . . Retrieved Matter . | . . . . Parts Self-Destructed . | . . . . Prevented . | . . . . Kills | -11 -10 -9 -9 ------- Run | Yrd Mat Mat Min Combat Hostiles Destroyed 13 | . 12 1 . Guns 6 | . 6 . . Cannons 7 | . 6 1 . Classes Destroyed 8 | 1 7 . . Worker 2 | . 2 . . Tunneler 1 | 1 . . . Hauler 3 | . 2 1 . Recycler 2 | . 2 . . Operator 2 | . 1 1 . Watcher 4 | . 2 2 . Swarmer 9 | . 9 . . Grunt 4 | . 3 1 . Best Kill Streak 5 | 1 5 3 . Combat Bots Only 5 | . 5 1 . Max Kills in Single Turn 2 | 1 2 1 . Gunslinging 1 | . 1 . . Exploded . | . . . . Melee . | . . . . Uniques/NPCs Destroyed . | . . . . Combat | -11 -10 -9 -9 -------- Run | Yrd Mat Mat Min Hostile Shots Fired 69 | . 51 10 8 Missed 23 | . 16 5 2 Damage Taken 620 | . 320 65 235 Core 88 | . 34 . 54 Absorbed by Shields . | . . . . Regen/Repaired (Parts) 15 | . 15 . . Core Remaining (%) 93 | 100 86 . . Volleys Fired 67 | 2 53 12 . Largest 2 | 2 2 2 . Hottest 120 | 90 120 120 . Shots Fired 120 | 4 92 24 . Gun 46 | 4 42 . . Cannon 74 | . 50 24 . Launcher . | . . . . Special . | . . . . Kinetic . | . . . . Thermal 120 | 4 92 24 . Explosive . | . . . . Electromagnetic . | . . . . Robot Hit Streak 6 | 3 5 6 . Robot Miss Streak 4 | . 4 1 . Penetration Max . | . . . . Secondary Targets 2 | . 2 . . Max Gunslinging Chain 1 | . 1 . . Shots Hit Robots 60 | 3 41 16 . Core Hits 29 | 1 22 6 . Critical Kills . | . . . . Critical Parts Destroyed . | . . . . Critical Strikes 3 | . 3 . . Burn 3 | . 3 . . Melee Attacks . | . . . . Impact . | . . . . Slashing . | . . . . Piercing . | . . . . Sneak Attacks . | . . . . Combat Hostiles . | . . . . Follow-up Attacks . | . . . . Damage Inflicted 1059 | 38 711 310 . Guns 321 | 38 283 . . Cannons 704 | . 403 301 . Explosions . | . . . . Melee . | . . . . Ramming 34 | . 25 9 . Kinetic . | . . . . Thermal 1025 | 38 686 301 . Explosive . | . . . . Electromagnetic . | . . . . Impact . | . . . . Slashing . | . . . . Piercing . | . . . . Highest Corruption 2 | . 2 . . Average Corruption 2 | . 2 . . Corruption Purged . | . . . . Corruption Blocked . | . . . . Effects 21 | . 21 . . Message Errors 5 | . 5 . . Matter Fused 7 | . 7 . . Energy Discharges 1 | . 1 . . Data Loss (minor) 2 | . 2 . . Data Loss (major) 1 | . 1 . . Misfires 2 | . 2 . . Alerts 2 | . 2 . . Weapon Failures 1 | . 1 . . Overload Shots . | . . . . Overflow Damage 16 | . 16 . . Projectiles 16 | . 16 . . Explosions . | . . . . Melee . | . . . . Knockbacks . | . . . . Impact . | . . . . Kinetic . | . . . . Secondary . | . . . . Self-Inflicted Damage 4 | . . 4 . Shots . | . . . . Rammed 1 | . . 1 . Targets Rammed 5 | . 4 1 . Kicked 4 | . 4 . . Crushed . | . . . . Highest Temperature 213 | 60 204 213 . Average Temperature 53 | 31 45 72 . Received Heat Transfer 96 | . 60 36 . Siege Activations . | . . . . Robots Corrupted . | . . . . Combat Hostiles . | . . . . Parts Fried . | . . . . Impact Corruptions . | . . . . Robots Melted . | . . . . Combat Hostiles . | . . . . Parts Melted 6 | . 4 2 . Heat Transferred 2545 | 99 1817 629 . Parts Sabotaged . | . . . . Parts Stolen . | . . . . Parts Stripped . | . . . . Power Chain Reactions . | . . . . Alert | -11 -10 -9 -9 ------- Run | Yrd Mat Mat Min Peak Influence 293 | 5 293 156 65 Initial 60 | . 3 11 60 Average 135 | 1 152 75 59 Maximum Alert Level 1 | . 1 . . Low Security (%) 62 | 100 54 100 100 Level 1 37 | . 45 . . Level 2 . | . . . . Level 3 . | . . . . Level 4 . | . . . . Level 5 . | . . . . High Security . | . . . . Max Security . | . . . . Squads Dispatched 2 | . 2 . . Investigation 1 | . 1 . . Extermination . | . . . . Reinforcement 1 | . 1 . . Assault . | . . . . Garrison . | . . . . Intercept . | . . . . Searches Triggered . | . . . . Construction Impeded . | . . . . Haulers Reinforced . | . . . . Active Scanning Responses . | . . . . Cargo Convoy Interrupts . | . . . . Stealth | -11 -10 -9 -9 --------- Run | Yrd Mat Mat Min Distress Signals 3 | . 2 1 . Communications Jammed . | . . . . Distress Signals . | . . . . Times Spotted 41 | . 27 10 4 Peak Tracking Total 5 | . 4 5 3 Tactical Retreats 2 | . 1 1 . Traps | -11 -10 -9 -9 ------- Run | Yrd Mat Mat Min Traps Triggered 4 | . 4 . . Indirectly . | . . . . Trap Hack Attempts . | . . . . Triggered . | . . . . Disarmed . | . . . . Reprogrammed . | . . . . Reused . | . . . . Traps Extracted . | . . . . Installed . | . . . . Triggered . | . . . . Machines | -11 -10 -9 -9 ---------- Run | Yrd Mat Mat Min Machines Disabled 3 | . 2 1 . Max in Single Turn 1 | . 1 1 . Machines Repaired . | . . . . Machines Dismantled . | . . . . Machines Sabotaged . | . . . . Overloaded Fab Kills . | . . . . Hacking | -11 -10 -9 -9 --------- Run | Yrd Mat Mat Min Machines Accessed 13 | . 10 3 . Terminals 9 | . 7 2 . Fabricators . | . . . . Repair Stations 1 | . 1 . . Recycling Units 3 | . 2 1 . Scanalyzers . | . . . . Garrison Access . | . . . . Total Hacks 37 | . 33 4 . Successful 23 | . 20 3 . Failed 14 | . 13 1 . Catastrophic 1 | . 1 . . Database Lockouts . | . . . . Manual 28 | . 25 3 . Terminals 28 | . 25 3 . Fabricators . | . . . . Repair Stations 2 | . 2 . . Recycling Units 7 | . 6 1 . Scanalyzers . | . . . . Garrison Access . | . . . . Terminal Hacks 9 | . 9 . . Prototype ID Bank 1 | . 1 . . Branch Access Points 1 | . 1 . . Terminal Index 1 | . 1 . . Alert Level 1 | . 1 . . Unreport Threat 1 | . 1 . . Locate Traps 2 | . 2 . . Patrol Status 1 | . 1 . . Zone Layout 1 | . 1 . . Fabricator Hacks . | . . . . Repair Station Hacks 2 | . 2 . . Scan Component 1 | . 1 . . Repair 1 | . 1 . . Recycling Unit Hacks 1 | . 1 . . Report Inventory 1 | . 1 . . Scanalyzer . | . . . . Garrison Access Hacks . | . . . . Unauthorized Hacks 11 | . 8 3 . Terminals 7 | . 5 2 . Botnet 6 | . 4 2 . Operators 1 | . 1 . . Fabricators . | . . . . Repair Stations . | . . . . Recycling Units 4 | . 3 1 . Reject 3 | . 2 1 . Mask 1 | . 1 . . Scanalyzers . | . . . . Garrison Access . | . . . . Data Cores Recovered 2 | . 1 1 . Used . | . . . . Hacking Detections 10 | . 9 1 . Full Trace Events . | . . . . Feedback Events . | . . . . Feedback Blocked . | . . . . Robot Schematics Acquired . | . . . . Robots Built . | . . . . Authchips . | . . . . Time . | . . . . Total Robot Build Rating . | . . . . Part Schematics Acquired . | . . . . Parts Built . | . . . . Authchips . | . . . . Time . | . . . . Total Part Build Rating . | . . . . Parts Repaired 1 | . 1 . . Time 38 | . 38 . . Parts Recycled . | . . . . Recycled Matter . | . . . . Retrieved Matter . | . . . . Retrieved Components . | . . . . Parts Scanalyzed . | . . . . Part Schematics Acquired . | . . . . Parts Damaged . | . . . . Bothacking | -11 -10 -9 -9 ------------ Run | Yrd Mat Mat Min Used RIF Installer . | . . . . Robots Hacked . | . . . . Non-combat . | . . . . Combat . | . . . . Robot Hacks Applied . | . . . . Relay Couplers Released . | . . . . Fabnet Peak Effective % . | . . . . Robots Rewired . | . . . . Allies Hacked . | . . . . Hacks Repelled . | . . . . Allies | -11 -10 -9 -9 -------- Run | Yrd Mat Mat Min Total Allies . | . . . . Largest Group . | . . . . Highest-Rated Group . | . . . . Highest-Rated Ally . | . . . . Total Orders . | . . . . Ally Attacks . | . . . . Total Damage . | . . . . Kills . | . . . . Allies Corrupted . | . . . . Allies Melted . | . . . . Intel | -11 -10 -9 -9 ------- Run | Yrd Mat Mat Min Robot Analysis Total . | . . . . Derelict Logs Recovered . | . . . . Drone Launches . | . . . . Drone Recoveries . | . . . . Exploration | -11 -10 -9 -9 ------------- Run | Yrd Mat Mat Min Turns Passed 2066 | 110 1707 193 56 Spaces Moved 1316 | 73 871 284 88 Core 5 | 5 . . . Treads . | . . . . Legs 939 | 68 871 . . Wheels . | . . . . Hover 372 | . . 284 88 Flight . | . . . . Fastest Speed 48 | 50 120 48 48 Average Speed 120 | 115 151 48 52 Slowest Speed 190 | 120 190 48 116 Overloaded Moves . | . . . . Propulsion Burnouts . | . . . . Robots Hopped . | . . . . Cave-ins Triggered . | . . . . Exploration Rate (%) 34 | 5 94 24 15 Regions Visited 3 Branch Regions 1 Pre-discovered Areas . | . . . . Known Exits Taken . | . . . . Unknown Exits Taken 3 | 1 1 1 . Scrap Searched . | . . . . Spaces Dug . | . . . . Terrain Destroyed 22 | . 22 . . Melee . | . . . . Projectile . | . . . . AOE 22 | . 22 . . Terrain Rammed . | . . . . Walls Destroyed . | . . . . Machines Disabled . | . . . . Actions | -11 -10 -9 -9 --------- Run | Yrd Mat Mat Min Total 1675 | 91 1169 317 98 Wait 222 | 7 204 8 3 Move 1313 | 72 870 283 88 Hop . | . . . . Pick Up 22 | 3 13 5 1 Fast Attach 14 | 7 6 . 1 Attach 8 | . 2 4 2 Detach . | . . . . Swap 7 | . 6 1 . Drop 17 | . 11 3 3 Fire 67 | 2 53 12 . Melee . | . . . . Ram 1 | . . 1 . Kick 4 | . 4 . . Crush . | . . . . Escape Stasis . | . . . . Rewire . | . . . . Trap . | . . . . Miscellaneous . | . . . . Route ------- -11/Scrapyard -10/Materials (discovered 5 exits: *Mat x3 / *Min x2) -9/Materials -9/Mines History --------- Turn | Location | Event 3 | -11/Scrapyard | Discovered new exit (range 15) 111 | -11/Scrapyard | Entered Materials 302 | -10/Materials | Build established: Mutant 334 | -10/Materials | Discovered new exit (range 14) 505 | -10/Materials | Discovered new exit (range 10) 758 | -10/Materials | Repaired Imp. Terrain Scanner 814 | -10/Materials | Discovered new exit (range 8) 1079 | -10/Materials | Discovered new exit (range 13) 1206 | -10/Materials | Discovered new exit (range 16) 1262 | -10/Materials | Identified exit to Mines 1818 | -10/Materials | Entered another Materials area 1818 | -9/Materials | Evolved 2 slots: Propulsion x2 1865 | -9/Materials | Discovered new exit (range 15) 2011 | -9/Materials | Entered Mines 2020 | -9/Mines | YI-UF0 nonchalantly dropped a Grenade Launcher on the ground 2067 | -9/Mines | Self-destructed Last Messages --------------- 02020_ YI-UF0 nonchalantly drops a Grenade Launcher on the ground. 02021_ YI-UF0 mumbles something. 02024_ Dropped Prototype Ballistic Gun. 02024_ Acquired Grenade Launcher. 02035_ Dropped Beam Cannon. 02035_ Acquired Prototype Ballistic Gun. 02035_ Identified Imp. Assault Rifle. 02037_ YI-UF0 mumbles something. 02037_ Dropped Imp. Assault Rifle. 02038_ K-01 Serf collects debris. 02049_ L-31 Rogue destroyed. 02049_ YI-UF0: "WHOMP!" 02049_ G-34 Mercenary destroyed. 02050_ YI-UF0: "Whaaaaaaaa!" 02051_ Hover Unit destroyed. 02052_ K-01 Serf collects debris. 02062_ Hover Unit destroyed. 02066_ Grenade Launcher destroyed. 02066_ Lgt. Ion Engine destroyed. Map ----- +----------------------------------------------------+ | ????????????????????????????????? | | ????????????????????????????????? | | ????????????????????????????????? | | ????????????????????????????????? | | ????????????????????????????????? | | ????????????????????????????????? | | ????????????????????????????????? | | ????????????????????????????????? | | ????????????????????????????????? | | ????????????????????????????????? | | ????????????????????????????????? | | ????????????????????????????????? | | ????????????????????????????????? | | ????????????????????????????????? | | ????????????????????????????????? | | ????????????????????????????????? | | ????????????????????????????????? | | ????????????????????????????????? | | ????????????????????????????????? | | ????????????????????????????????? | | ????????????????????????????????? | | ????????????????????#####???????? | | ??????????????????### ####???? | | ?????????????????## #???? | | ????????????????## #???? | | ??###?????????### @ #???? | | ??? ??????### #??? | | ??? ??????# ### #?? | | ???# ????### #?## #?? | | ???# ????# #### ##?? | | ???# ???## g #??? | | ???# #?## [ ##??? | | ???# ## ##########???? | | ###????????????? | | % ######??????????????? | | % ##???????????????????? | | ##????????????????????? | | ##?????????????????????? | | #??????????????????????? | | # #?#######??????????????? | | # ### #??????????????? | | ## #??????????????? | | ?## #??????????????? | | ??# ### #??????????????? | | ??# #####?# #??????????????? | | ??????# #??????????????? | | ### ??????#######??????????????? | | ??##????????????????????????????? | | ????????????????????????????????? | | ????????????????????????????????? | +----------------------------------------------------+ Best States ------------- Heat Dissipation 38 Energy Generation 10 Energy Capacity 250 Matter Stores 300 Matter Capacity 300 Sight Range 16 Terrain Scan Range 16 Terrain Scan Density 10 Evasion (%) 55 Offensive Hacking 10 Item Schematics ----------------- None Robot Schematics ------------------ None Fabricated ------------ Nothing Alien Tech Used ----------------- None Achievements -------------- None Challenges ------------ None Game ------ Seed NuclearFieldInverter Manual? 0 Play Time 00:13:48 Cumulative 38.2 hours Start 2024.04.13 @ 22:22:31 End 2024.04.13 @ 22:35:21 Sessions 1 Manual Loads 0 Difficulty Rogue Special Mode None Game No. 79 Rogue 79 Adventurer 0 Explorer 0 Win Type - Total 1 Types 1/0/0/0/0/0/0/0/0 Lore% 23 Gallery% 35 Achievement% 33 Wizard Run 0 Options --------- Layout 1 ASCII 0 Keyboard 0 Movement Numpad Keybinds 0 Fullscreen 1 Font 24/Smallcaps Map View 50x35 Zoom Use 0% Tactical HUD 1 Map Filters NONE Filters NONE Steam 1 RUN: 791a831e-6d4c-4a93-b1b8-2988c8acceaf